Map: Sitio de investigación EJ

Players

Inti - Winner!

  • Race: Protoss Protoss
  • Spawn Location: 5:00

Ktulhu

  • Race: Zerg Zerg
  • Spawn Location: 11:00

VOD

Have the link to the VOD?

Description

Time

  • Played on: Aug. 30, 2018, 1:15 a.m.
  • Length: 12:45
Show
View Real Time Build Order
Export as new Build Order

Inti Protoss - Winner!

Build Orders:  

Get SALT Encoding   

  12  0:01  Probe  
  13  0:13  Probe  
  14  0:24  Pylon  
  14  0:27  Probe  
  15  0:42  Probe  
  16  1:07  Nexus  
  16  1:16  Probe  
  17  1:25  Gateway  
  17  1:29  Gateway  
  17  1:32  Probe  
  18  1:35  Assimilator  
  18  1:44  Probe  
  19  1:52  Assimilator  
  19  1:53  Probe  
  20  2:01  Probe  
  21  2:11  Probe  
  21  2:14  Pylon  
  22  2:23  Cybernetics Core  
  21  2:37  Probe x2  
  21  2:43  Pylon  
  23  2:49  Probe  
  24  2:53  Probe  
  24  2:56  Assimilator  
  24  2:58  Probe, Assimilator  
  25  2:59  Warp Gate  
  25  3:05  Probe  
  27  3:06  Probe, Stalker x2  
  32  3:15  Probe  
  32  3:17  Probe  
  34  3:24  Twilight Council  
  34  3:28  Probe  
  34  3:29  Probe  
  36  3:34  Gateway  
  36  3:40  Probe  
  37  3:41  Probe  
  38  3:50  Gateway  
  38  3:52  Probe  
  38  3:53  Probe  
  38  3:55  Pylon  
  40  3:57  Charge  
  40  4:04  Probe  
  40  4:05  Dark Shrine, Probe  
  42  4:16  Probe  
  43  4:17  Probe  
  44  4:28  Probe  
  44  4:29  Probe  
  46  4:40  Probe  
  46  4:41  Gateway  
  46  4:42  Gateway  
  46  4:43  Pylon  
  47  4:58  Shadow Stride  
  47  5:03  Pylon  
  47  5:08  Zealot x4  
  55  5:20  Probe  
  54  5:43  Dark Templar x3  
  54  5:44  Dark Templar  
  60  6:05  Pylon  
  60  6:11  Dark Templar x2  
  60  6:16  Zealot  
  60  6:17  Zealot x3  
  72  6:24  Forge  
  72  6:25  Forge  
  72  6:28  Pylon  
  72  6:30  Robotics Facility, Nexus  
  72  6:31  Pylon  
  72  6:33  Pylon  
  72  6:35  Pylon  
  72  6:38  Protoss Ground Weapons Level 1  
  72  6:45  Probe x2  
  74  6:52  Zealot x5  
  84  6:57  Probe x2  
  72  7:21  Dark Templar x6  
  78  7:28  Protoss Ground Armor Level 1  
  70  7:31  Immortal  
  74  7:40  Robotics Bay  
  74  7:42  Probe  
  74  7:43  Probe x2, Robotics Facility  
  77  7:54  Probe  
  77  7:55  Probe x2  
  76  8:07  Probe x3  
  79  8:13  Immortal  
  81  8:22  Probe  
  81  8:23  Probe x2  
  81  8:24  Assimilator  
  81  8:25  Assimilator  
  84  8:29  Pylon  
  84  8:34  Probe  
  81  8:49  Protoss Ground Weapons Level 2  
  81  8:52  Immortal  
  79  8:59  Zealot  
  79  9:00  Zealot x4  
  79  9:01  Zealot  
  79  9:02  Extended Thermal Lance  
  91  9:10  Colossus  
  97  9:18  Probe x3, Pylon  
  100  9:31  Immortal  
  100  9:33  Nexus  
  100  9:35  Pylon  
  104  9:39  Protoss Ground Armor Level 2, Zealot  
  104  9:40  Zealot x3  
  104  9:42  Dark Templar  
  104  9:45  Dark Templar  
  116  9:53  Probe x2  
  118  10:03  Colossus  
  124  10:10  Colossus  
  130  10:15  Probe x3  
  130  10:17  Zealot x5  
  143  10:30  Templar Archives  
  143  10:32  Pylon  
  143  10:34  Probe x3  
  146  10:39  Pylon  
  146  10:41  Photon Cannon  
  146  10:44  Shield Battery  
  146  10:46  Probe  
  147  10:57  Colossus  
  147  11:03  Colossus  
  159  11:14  Dark Templar  
  159  11:15  Dark Templar x2  
  126  11:26  Probe x3  
  126  11:27  Probe  
  126  11:31  High Templar x3  
  136  11:36  Probe x2  
  136  11:39  Probe x2  
  140  11:44  Probe x2  
  140  11:51  Probe x2, Zealot  
  140  11:52  Zealot x2  
  140  11:53  Probe x2  
  152  12:03  Probe x2  
  152  12:08  Observer  
  155  12:10  Probe  
  155  12:11  Probe  
  155  12:15  Probe x2  
  127  12:36  Zealot x3  
  127  12:37  Zealot x3  
Show
View Real Time Build Order
Export as new Build Order

Ktulhu Zerg 

Build Orders: Hatch First 

Get SALT Encoding   

  12  0:04  Drone  
  13  0:16  Overlord  
  13  0:17  Drone  
  14  0:35  Drone x2  
  16  0:38  Drone  
  17  0:53  Hatchery  
  16  1:03  Drone x2  
  18  1:19  Spawning Pool, Extractor  
  18  1:20  Drone  
  18  1:21  Drone  
  18  1:32  Drone  
  19  1:51  Drone  
  20  2:07  Queen x2  
  25  2:08  Zergling x6  
  27  2:19  Metabolic Boost  
  27  2:25  Hatchery  
  26  2:37  Drone x2  
  26  2:38  Overlord  
  28  2:55  Overlord  
  28  2:57  Drone x4  
  32  3:01  Drone  
  33  3:10  Drone  
  34  3:20  Drone, Evolution Chamber  
  34  3:22  Drone x3  
  37  3:33  Drone x3  
  40  3:34  Overlord  
  40  3:40  Queen  
  41  3:42  Zergling x4  
  41  3:43  Zergling x2  
  41  3:48  Zerg Melee Weapons Level 1  
  44  3:50  Extractor  
  43  3:58  Queen  
  43  4:00  Drone x3  
  48  4:05  Spore Crawler  
  48  4:08  Spore Crawler  
  46  4:14  Spore Crawler  
  45  4:29  Drone x3  
  48  4:33  Drone x2  
  48  4:34  Drone  
  48  4:35  Lair  
  48  4:36  Zergling x4  
  48  4:37  Zergling x4  
  55  4:41  Baneling Nest  
  55  4:42  Drone x2  
  55  4:43  Drone  
  57  5:07  Overlord x2  
  57  5:08  Overlord  
  57  5:25  Queen  
  59  5:37  Zergling x6  
  59  5:38  Zergling x12  
  59  5:39  Zergling x4  
  68  5:43  Centrifical Hooks  
  68  5:45  Hydralisk Den  
  68  5:46  Zerg Melee Weapons Level 2  
  68  5:48  Drone x4  
  68  5:49  Drone x3  
  71  5:59  Overseer  
  71  6:03  Spore Crawler  
  70  6:07  Spine Crawler  
  70  6:08  Spine Crawler  
  70  6:09  Spine Crawler  
  67  6:11  Spine Crawler  
  66  6:21  Drone  
  66  6:22  Drone x2  
  69  6:31  Muscular Augments, Hydralisk x2  
  73  6:33  Overlord x3  
  73  6:36  Extractor, Drone x4  
  73  6:37  Drone x3  
  73  6:38  Extractor  
  78  6:41  Overseer  
  78  6:45  Drone x2  
  78  6:46  Drone  
  81  6:54  Drone  
  81  6:55  Drone x2  
  81  6:56  Overlord x2  
  81  6:59  Hydralisk x2  
  81  7:01  Zergling x8  
  90  7:04  Hydralisk  
  90  7:08  Hydralisk  
  81  7:11  Zergling x4  
  79  7:22  Hydralisk x2  
  79  7:24  Zergling x8  
  79  7:29  Drone x3  
  86  7:42  Hatchery  
  86  7:43  Hydralisk  
  86  7:44  Hydralisk x4  
  85  7:50  Evolution Chamber  
  94  7:53  Drone x2  
  94  7:54  Drone x4  
  88  8:06  Hydralisk x4  
  88  8:07  Hydralisk  
  88  8:08  Zergling x2  
  84  8:15  Hydralisk x2  
  84  8:17  Zergling x4  
  90  8:20  Zergling x2  
  90  8:21  Zergling x2  
  90  8:24  Hydralisk x2  
  96  8:28  Hydralisk  
  95  8:35  Hydralisk  
  95  8:38  Zergling x2  
  95  8:39  Hydralisk  
  94  8:43  Baneling x2  
  94  8:44  Zergling x2  
  93  8:48  Hydralisk  
  90  8:57  Hydralisk  
  90  8:58  Hydralisk  
  90  8:59  Zergling x2  
  90  9:00  Zergling x8  
  99  9:09  Spore Crawler  
  98  9:11  Hydralisk x3  
  98  9:14  Spine Crawler  
  103  9:17  Spine Crawler  
  103  9:18  Spine Crawler x2  
  103  9:19  Spine Crawler  
  103  9:22  Zerg Missile Weapons Level 1  
  103  9:23  Hydralisk  
  101  9:25  Zergling x2  
  101  9:26  Zergling x8  
  101  9:27  Zergling x2  
  107  9:32  Overseer  
  107  9:42  Hydralisk x3  
  107  9:44  Zergling x8  
  107  9:45  Zergling x4  
  119  9:59  Overlord x2, Extractor  
  118  10:01  Zergling x2  
  118  10:02  Zergling x4  
  118  10:04  Hatchery  
  118  10:06  Zerg Ground Armor Level 1  
  120  10:16  Spire, Drone  
  120  10:17  Drone  
  120  10:20  Drone x4  
  120  10:21  Drone  
  126  10:34  Spine Crawler  
  126  10:35  Spine Crawler  
  124  10:37  Spore Crawler  
  124  10:38  Drone  
  124  10:39  Drone x4  
  124  10:40  Drone  
  124  10:41  Drone x2  
  131  10:44  Baneling x4  
  131  10:45  Baneling  
  131  10:50  Baneling x2  
  131  10:51  Baneling x5  
  131  10:52  Zergling x4  
  131  10:53  Zergling x2  
  116  11:24  Hydralisk x3  
  116  11:25  Hydralisk x6  
  94  11:26  Hydralisk x2  
  94  11:27  Zergling x2  
  94  11:28  Zergling x8  
  94  11:29  Zergling x2  
  110  11:36  Baneling  
  110  11:37  Baneling x5  
  110  11:38  Zergling x8  
  110  11:39  Zergling x2  
  111  11:48  Baneling x5  
  111  11:49  Baneling  
  109  12:00  Hydralisk  
  109  12:01  Hydralisk  
  109  12:02  Zergling x4  
  109  12:03  Zergling x6  
  109  12:04  Zergling x2  
  115  12:09  Hatchery, Zergling x4  
  115  12:11  Hydralisk x3  
  115  12:14  Zergling x2  
  115  12:15  Hydralisk  
Tags
 
Add a new tag
Caveats
  • Supply blocks, unpowered buildings, or Contaminate may cause inaccurate times.
  • Supply counts are checked every 10 seconds.